 Dungeon Crawl Stone Soup version 0.18.1-8-gdd0e5ea (console) character file.

8853 Kloppie the Basher (level 11, -3/108 HPs)
             Began as a Gargoyle Berserker on June 12, 2016.
             Was a High Priest of Trog.
             Slain by an ogre
             ... wielding a +0 giant club
              (5 damage)
             ... on level 10 of the Dungeon.
             The game lasted 00:17:08 (7662 turns).

Kloppie the Basher (Gargoyle Berserker)             Turns: 7662, Time: 00:17:09

Health: -3/108     AC: 22    Str: 26    XL:     11   Next: 37%
Magic:  11/11      EV:  9    Int:  9    God:    Trog [*****.]
Gold:   858        SH:  0    Dex: 11    Spells: 0 memorised, 10 levels left

rFire  . . .     SeeInvis +     a - +4 dire flail (holy)
rCold  + . .     Gourm    .     y - +0 chain mail
rNeg   + . .     Faith    .     (shield currently unavailable)
rPois  ∞         Spirit   .     E - +0 helmet
rElec  +         Dismiss  .     (no cloak)
rCorr  .         Reflect  .     h - +1 pair of gloves
SustAt .         Harm     .     (no boots)
MR     ++...                    (no amulet)
Stlth  ..........               K - ring of see invisible
                                z - ring of protection from cold

@: berserking, regenerating, very quick, very resistant to hostile enchantments,
extremely unstealthy
A: blink, negative energy resistance 1, electricity resistance, unbreathing,
petrification resistance, rot immunity, AC +7
a: Blink, Berserk, Trog's Hand, Brothers in Arms, Burn Spellbooks, Renounce
Religion


You were on level 10 of the Dungeon.
You worshipped Trog.
Trog was extremely pleased with you.
You were hungry.

You visited 1 branch of the dungeon, and saw 10 of its levels.
You also visited: Ossuary.

You collected 886 gold pieces.
You spent 28 gold pieces at shops.

Inventory:

Hand Weapons
 a - a +4 dire flail of holy wrath (weapon)
 w - a +2 flail of protection
Armour
 h - a +1 pair of gloves (worn)
 y - a +0 chain mail (worn)
 E - a +0 helmet (worn)
Jewellery
 z - a ring of protection from cold (left hand)
 K - a ring of see invisible (right hand)
Wands
 g - a wand of confusion (28/48)
 j - a wand of lightning (5/15)
 t - a wand of paralysis (11/24)
 D - a wand of paralysis (11/24)
 L - a wand of teleportation (4/9)
Scrolls
 m - 4 scrolls of enchant armour
 q - 4 scrolls of remove curse
 u - 5 scrolls of teleportation
 A - 3 scrolls of identify
 C - a scroll of enchant weapon
 I - 2 scrolls of fog
Potions
 b - a potion of ambrosia
 e - 4 potions of resistance
 f - a potion of cancellation
 i - 3 potions of haste
 l - 10 potions of curing
 n - 2 potions of might
 o - 6 potions of lignification
 r - a potion of agility {unknown}
 s - 2 potions of flight {unknown}
 x - 3 potions of berserk rage
 B - 3 potions of heal wounds {unknown}
 F - a potion of magic {unknown}
 H - a potion of cure mutation {unknown}
Books
 G - a book of Fire

   Spells                             Type                      Level
   a - Ignite Poison                  Fire/Transmutation/Poison    3
   b - Fireball                       Conjuration/Fire             5
   c - Bolt of Fire                   Conjuration/Fire             6
   d - Delayed Fireball               Conjuration/Fire             7
   e - Ring of Flames                 Charms/Fire                  7
   Trog disapproves of the use of such an item.
Comestibles
 c - 5 bread rations
 d - 2 beef jerkies
 k - 2 slices of pizza
 p - 3 meat rations


   Skills:
 + Level 10.1 Fighting
 * Level 12.4 Maces & Flails
 + Level 9.9 Armour
 - Level 1.5 Dodging


You had 10 spell levels left.
You didn't know any spells.

Dungeon Overview and Level Annotations

Branches:
Dungeon (10/15)            Temple (0/1) D:5            Lair (0/8) D:10
    Orc: D:9-12

Altars:
Dithmenos
Gozag
Kikubaaqudgha
Makhleb
Qazlal
Sif Muna
Trog
Vehumet
Xom
Yredelemnul

Shops:
D:7 (=%   D:10 %


Innate Abilities, Weirdness & Mutations

You are resistant to torment.
Your stone body is resilient (AC +7).
You are immune to poison.
You resist negative energy.
You are resistant to electric shocks.
You can survive without breathing.
You are immune to petrification.
You are immune to rotting.
You can translocate small distances at will.


Message History

You closely miss Fannar.
Fannar is almost dead.
You closely miss Fannar.
Fannar is almost dead.
Fannar hits you with a quarterstaff of freezing.
* * * LOW HITPOINT WARNING * * *
Fannar freezes you.
* * * LOW HITPOINT WARNING * * *
The orc warrior closely misses you.
The orc warrior hits you with a hand axe.
* * * LOW HITPOINT WARNING * * *
The orc warrior hits you with a short sword.
* * * LOW HITPOINT WARNING * * *
You impale Fannar!!
You kill Fannar!
Trog accepts your kill.
Trog appreciates your killing of a magic user.
Your Fighting skill increases to level 10!
The ogre hits you with a giant club.
You die...

# ####...#####........# #
#....#.# ###.####..# ####
######## ##.#####... ...###
....#####.......... .....#
..#.......######### #....#
ooooo....# ##.# #....#
#oooo...######..# .....#
#OoOo..(##......# ..#..#
#o)@o......####.# #########
####.##....#######.### ##
#...###.#......#####....∩..# .#
#.........##......##..[...># .#
#........###...##.##.......#
.####.........#..####.)........#
...##...........#######........#
....#..........................#
#.............#..#######.......#


You could see 4 orc warriors, 2 ogres and 9 orcs.

Vanquished Creatures
  Fannar (D:10)
  The ghost of Dickchan the Impaler, a novice MfGl of Dithmenos (D:8)
  The ghost of Peloso the Protected, a novice MiFi (D:7)
  Pikel (D:9)
  The ghost of markolepsija72 the Ducker, a novice TrFi (D:5)
  The ghost of Ery the Skirmisher, an amateur MiBe of Trog (D:4)
  A two-headed ogre (D:8)
  Sigmund (D:3)
  A wyvern (D:8)
  A hippogriff (D:8)
  A hungry ghost (D:9)
  Eustachio (D:4)
  Menkaure (D:6)
  An orc warrior (D:10)
  A wasp (D:9)
  4 ice beasts
  2 slaves (D:9)
  2 black bears (D:7)
  An eye of draining (D:9)
  2 sky beasts (D:7)
  The ghost of markolepsija72 the Chopper, an amateur MiGl (D:3)
  3 necrophages
  3 ogres
  4 centaurs
  A gnoll sergeant (D:7)
  6 giant frogs
  A wyvern skeleton (D:8)
  3 scorpions
  16 wights
  3 killer bees (D:8)
  4 howler monkeys
  A giant frog zombie (D:6)
  3 crimson imps
  4 hounds
  5 orc wizards
  2 jellies
  5 orc priests
  A giant frog skeleton (D:10)
  Natasha (thrice) (D:4)
  An iguana (D:8)
  3 worker ants
  Terence (D:2)
  2 hound zombies (D:6)
  9 mummies
  A howler monkey skeleton (D:4)
  3 gnolls (D:7)
  15 adders
  4 shadow imps
  2 adder skeletons
  An adder zombie (D:6)
  4 worms
  3 dart slugs
  6 giant geckos
  42 orcs
  3 giant cockroaches
  A gnoll zombie (Ossuary)
  9 goblins
  9 hobgoblins
  14 jackals
  4 quokkas
  9 bats
  A giant gecko skeleton (D:5)
  7 giant newts
  5 hobgoblin zombies (Ossuary)
  A jackal zombie (D:8)
  14 kobolds
  3 kobold zombies
  An orc zombie (D:8)
  A quokka skeleton (D:8)
  11 rats
285 creatures vanquished.

Vanquished Creatures (collateral kills)
  5 orcs (D:10)
5 creatures vanquished.

Vanquished Creatures (others)
  2 slaves (D:9)
  An orc priest (D:9)
  2 orcs (D:9)
5 creatures vanquished.

Grand Total: 295 creatures vanquished

Notes
Turn   | Place    | Note
--------------------------------------------------------------
     0 | D:1      | Kloppie the Gargoyle Berserker began the quest for the Orb.
     0 | D:1      | Reached XP level 1. HP: 14/14 MP: 1/1
    76 | D:1      | Reached XP level 2. HP: 16/19 MP: 2/2
   287 | D:1      | Reached ** piety under Trog
   333 | D:1      | Reached XP level 3. HP: 24/24 MP: 3/3
   638 | D:2      | Noticed Terence
   648 | D:2      | Killed Terence
   648 | D:2      | Reached XP level 4. HP: 28/29 MP: 4/4
   746 | D:2      | Reached skill level 4 in Maces & Flails
   870 | D:2      | Found a burning altar of Makhleb.
   877 | D:2      | Reached XP level 5. HP: 30/33 MP: 5/5
  1101 | D:2      | Reached *** piety under Trog
  1420 | D:3      | Noticed markolepsija72's ghost (amateur MiGl)
  1434 | D:3      | Killed markolepsija72's ghost
  1434 | D:3      | Reached XP level 6. HP: 34/39 MP: 6/6
  1526 | D:3      | Reached skill level 5 in Maces & Flails
  1853 | D:3      | Noticed Sigmund
  1885 | D:3      | Killed Sigmund
  1885 | D:3      | Reached skill level 5 in Fighting
  1998 | D:4      | Reached XP level 7. HP: 25/44 MP: 7/7
  2006 | D:4      | Noticed Ery's ghost (amateur MiBe)
  2164 | D:4      | Killed Ery's ghost
  2164 | D:4      | Reached skill level 6 in Maces & Flails
  2226 | D:4      | Reached skill level 5 in Armour
  2385 | D:4      | Noticed Natasha
  2397 | D:4      | Killed Natasha
  2511 | D:4      | Reached XP level 8. HP: 50/51 MP: 8/8
  2561 | D:4      | Noticed Natasha
  2571 | D:4      | Killed Natasha
  2607 | D:4      | Noticed Natasha
  2612 | D:4      | Killed Natasha
  2615 | D:4      | Noticed Eustachio
  2653 | D:4      | Killed Eustachio
  2653 | D:4      | Reached skill level 7 in Maces & Flails
  2674 | D:4      | Gained mutation: You can translocate small distances at will. [potion of beneficial mutation]
  3077 | D:5      | Entered Level 5 of the Dungeon
  3122 | D:5      | Found a stormy altar of Qazlal.
  3125 | D:5      | Noticed an air elemental
  3125 | D:5      | Noticed a water elemental
  3138 | D:5      | Found a shadowy altar of Dithmenos.
  3379 | D:5      | Noticed markolepsija72's ghost (novice TrFi)
  3380 | D:5      | Found a staircase to the Ecumenical Temple.
  3396 | D:5      | Killed markolepsija72's ghost
  3396 | D:5      | Reached skill level 8 in Maces & Flails
  3487 | D:5      | Reached **** piety under Trog
  3520 | D:5      | Reached XP level 9. HP: 50/56 MP: 9/9
  3644 | D:5      | Found a radiant altar of Vehumet.
  3910 | D:6      | Noticed Menkaure
  3918 | D:6      | Killed Menkaure
  4075 | D:6      | Found a shimmering altar of Xom.
  4138 | D:6      | Reached skill level 9 in Maces & Flails
  4805 | D:7      | Noticed Peloso's ghost (novice MiFi)
  4816 | D:7      | Killed Peloso's ghost
  4816 | D:7      | Reached skill level 10 in Maces & Flails
  4816 | D:7      | Reached XP level 10. HP: 64/64 MP: 10/10
  4957 | D:7      | Found Luuhutto's Jewellery Boutique.
  4971 | D:7      | Found Guus's Antique Weapon Boutique.
  4980 | D:7      | Bought a cursed amulet of inaccuracy for 28 gold pieces
  4988 | D:7      | Found a bloodstained altar of Trog.
  5188 | D:7      | Found Ujiw's Food Emporium.
  5207 | D:7      | Found a basalt altar of Yredelemnul.
  5327 | D:7      | Found a deep blue altar of Sif Muna.
  5498 | D:8      | Found a sand-covered staircase.
  5517 | Ossuary  | Entered an ossuary
  5765 | D:8      | Reached ***** piety under Trog
  5840 | D:8      | Reached skill level 11 in Maces & Flails
  5917 | D:8      | Noticed Dickchan's ghost (novice MfGl)
  5938 | D:8      | Killed Dickchan's ghost
  6600 | D:9      | Identified a scroll of acquirement
  6613 | D:9      | Noticed Pikel
  6657 | D:9      | Killed Pikel
  6657 | D:9      | Reached XP level 11. HP: 59/72 MP: 11/11
  6658 | D:9      | Received a gift from Trog
  6696 | D:9      | Reached skill level 12 in Maces & Flails
  6834 | D:9      | Found an ancient bone altar of Kikubaaqudgha.
  6967 | D:9      | Found an opulent altar of Gozag.
  7241 | D:10     | Entered Level 10 of the Dungeon
  7269 | D:10     | Found a staircase to the Lair.
  7575 | D:10     | Found Lotzooj's Food Shop.
  7622 | D:10     | Noticed Fannar
  7661 | D:10     | HP: 5/108 [orc warrior/hand axe (6)]
  7661 | D:10     | HP: 1/108 [orc warrior/short sword (4)]
  7662 | D:10     | Killed Fannar
  7662 | D:10     | Reached skill level 10 in Fighting
  7662 | D:10     | Slain by an ogre

Skill      XL: |  1  2  3  4  5  6  7  8  9 10 11 |
---------------+----------------------------------+-----
Armour         | 3 4 5 6 7 9 |  9.9
Maces & Flails | 4 5 6 8 10 11 12 | 12.4
Fighting       | 4 5 6 8 9 10 | 10.1
Dodging        | |  1.5

Action                   |  1- 3 |  4- 6 |  7- 9 | 10-12 || total
-------------------------+-------+-------+-------+-------++-------
Melee: Mace              |   116 |   137 |       |       ||   253
       Flail             |       |       |   360 |   323 ||   683
       Dire flail        |       |       |       |   190 ||   190
Invok: Berserk           |       |     3 |     5 |     5 ||    13
       Trog's Hand       |       |     1 |     4 |     1 ||     6
       Brothers in Arms  |       |       |       |     1 ||     1
 Abil: Blink             |       |       |     1 |       ||     1
  Use: Scroll            |     4 |     9 |     6 |     2 ||    21
       Potion            |       |       |     1 |       ||     1
 Stab: Distracted        |       |       |       |     1 ||     1
  Eat: Chunk             |       |     4 |    13 |    11 ||    28
       Bread ration      |       |     1 |       |       ||     1
       Meat ration       |       |       |       |     1 ||     1
Armor: Ring mail         |    61 |       |       |       ||    61
       Animal skin       |     6 |       |       |       ||     6
       Scale mail        |       |    89 |   188 |       ||   277
       Chain mail        |       |       |   130 |   320 ||   450
Dodge: Dodged            |   101 |    74 |   253 |   215 ||   643
